 Dungeon Crawl Stone Soup version 0.28.0-47-ge53b351184 (webtiles) character file.

Game seed: 1484005624566621744

249 terff the Chopper (level 6, -1/53 HPs)
             Began as a Hill Orc Monk on Apr 30, 2022.
             Slain by a gnoll
             ... wielding a +0 spear
              (4 damage)
             ... on level 4 of the Dungeon.
             The game lasted 00:07:09 (4321 turns).

terff the Chopper (Hill Orc Monk)                   Turns: 4321, Time: 00:07:09

Health: -1/53      AC: 15    Str: 14    XL:     6   Next: 12%
Magic:  6/6        EV:  6    Int: 10    God:
Gold:   105        SH:  4    Dex: 15    Spells: 5/5 levels left

rFire   . . .      SeeInvis +   a - +0 hand axe
rCold   . . .      Faith    .   m - +0 buckler
rNeg    . . .      Spirit   .   g - +0 chain mail
rPois   .          Reflect  .   (no helmet)
rElec   .          Harm     .   k - +1 cloak
rCorr   .          Rampage  .   (no gloves)
Will    .....                   (no boots)
Stlth   ..........              (no amulet)
HPRegen 0.17/turn               h - +4 ring of protection
MPRegen 0.10/turn               o - ring of see invisible

@: lit by a corona, glowing
A: no striking features
a: no special abilities


You were on level 4 of the Dungeon.
You visited 1 branch of the dungeon, and saw 5 of its levels.

You collected 105 gold pieces.

Inventory:

Hand Weapons
 a - a +0 hand axe (weapon)
 c - a +1 dagger of venom
Armour
 b - a +1 robe
 e - a +0 leather armour
 g - a +0 chain mail (worn)
 k - a +1 cloak (worn)
 m - a +0 buckler (worn)
 n - a +0 tower shield
Jewellery
 h - a +4 ring of protection (left hand)
 l - a ring of protection from fire
 o - a ring of see invisible (right hand)
Scrolls
 d - a scroll of teleportation
Potions
 f - 2 potions of curing
 i - a potion of degeneration
 j - a potion of brilliance {unknown}


   Skills:
 + Level 4.3 Fighting
 + Level 6.6 Axes
 + Level 2.6 Armour
 + Level 3.0 Dodging
 + Level 2.0 Stealth
 + Level 0.4 Shields


You had 5 spell levels left.
You didn't know any spells.
Your spell library contained the following spells:

 Spells                   Type           Power      Damage    Failure   Level
 Passage of Golubria      Tloc           0%         N/A       100%        4
 Silence                  Hex/Air        0%         N/A       100%        5
 Lehudib's Crystal Spear  Conj/Erth      0%         10d2      100%        8


Dungeon Overview and Level Annotations

Branches:
Dungeon (5/15)
 Temple: D:4-7

Altars:


Message History

The gnoll hits you with a +0 flail. The gnoll hits you but does no damage.
The gnoll shaman hits you with a +0 whip.
You slash the gnoll shaman!
The gnoll shaman is almost dead.
You completely miss the gnoll. You hit the gnoll.
You kill the gnoll!
The gnoll closely misses you. The gnoll barely misses you.
The gnoll hits you from afar with a +0 spear.
The gnoll shaman hits you with a +0 whip.
The gnoll hits you with a +0 flail. The gnoll hits you but does no damage.
You closely miss the gnoll shaman.
The gnoll shaman is almost dead.
You barely miss the gnoll. The gnoll hits you with a +0 flail.
The gnoll hits you from afar with a +0 spear.
The gnoll shaman prays to its god.
The gnoll shaman is healed somewhat.
The gnoll hits you from afar with a +0 spear.
You hit the gnoll shaman but do no damage.
The gnoll shaman is heavily wounded.
You hit the gnoll but do no damage. You block the gnoll's attack.
The gnoll barely misses you. The gnoll hits you but does no damage.
The gnoll shaman hits you but does no damage.
The gnoll hits you from afar with a +0 spear.
* * * LOW HITPOINT WARNING * * *
The gnoll hits you with a +0 flail.
* * * LOW HITPOINT WARNING * * *
Items here: )) [ ††.
The gnoll hits you but does no damage.
The gnoll shaman calls upon its god to speed up the gnoll.
The gnoll seems to speed up.
You block the gnoll's attack. The gnoll hits you with a +0 flail.
* * * LOW HITPOINT WARNING * * *
The gnoll hits you but does no damage. The gnoll hits you with a +0 spear.
* * * LOW HITPOINT WARNING * * *
You hit the gnoll.
The gnoll is moderately wounded.
You hit the gnoll but do no damage. The gnoll hits you with a +0 flail.
* * * LOW HITPOINT WARNING * * *
The gnoll hits you with a +0 spear.
You die...

..........#..................#***
..........#..............###.#,**
..........######g[.......#**,#,,,
..........'....#.######...g,,,,,*
..........####.#g# *.###.,,,,,
.########.# #.#.# *##**,#*,** **
###.# #.#g# *,,,,,,*, #### #.†)#
#.#g# *,*,*,,*, ...#
#...####.#@########,*,*,,,, ...#
#......#.#.g......#,*,*,**,
...####...##.#.########.#,*,*,**,
...'..+...##.#........#.#,*,*,**,
...####...##.########.#.#<*,*,**,
...#<##...#....######.#.#**,*,,,,
#'##.##...##.#........#.# *,****,
#.....'...'..#..#######.# *,,,,*,
#.##.##...##.#..#######.# ***,**,


You could see a gnoll shaman and 4 gnolls.

Vanquished Creatures
  A water moccasin skeleton (D:3)
  An iguana (D:4)
  An orc wizard (D:4)
  2 adders
  A gnoll (D:4)
  An ufetubus (D:5)
  3 worms
  2 dart slugs (D:4)
  12 orcs
  7 ball pythons
  5 bats
  6 endoplasms
  3 giant cockroaches
  6 goblins
  8 hobgoblins
  12 jackals
  3 quokkas
  2 frilled lizards
  2 kobolds
  5 rats
83 creatures vanquished.

Notes
Turn   | Place    | Note
-------+----------+-------------------------------------------
     0 | D:1      | terff the Hill Orc Monk began the quest for the Orb.
     0 | D:1      | Reached XP level 1. HP: 19/19 MP: 1/1
   632 | D:1      | Reached XP level 2. HP: 27/27 MP: 2/2
  1098 | D:1      | You fall into a shaft and drop 1 floor!
  1127 | D:2      | Reached XP level 3. HP: 33/33 MP: 3/3
  1352 | D:2      | Reached skill level 5 in Axes
  1635 | D:2      | Reached XP level 4. HP: 29/40 MP: 4/4
  1855 | D:2      | Found a faded altar of an unknown god.
  2084 | D:3      | Reached skill level 1 in Armour
  3050 | D:3      | Reached skill level 6 in Axes
  3050 | D:3      | Reached XP level 5. HP: 41/46 MP: 5/5
  3504 | D:5      | Entered Level 5 of the Dungeon
  3819 | D:4      | Noticed a black bear
  4125 | D:4      | Reached XP level 6. HP: 26/53 MP: 6/6
  4321 | D:4      | Slain by a gnoll

Illustrated notes

Levels and vault maps discovered:
D:1:      minmay_arrival_pointy, layout_basic
D:2:      layout_loops_ring, ebering_ecumenical_altar_hall
D:3:      layout_basic
D:4:      layout_basic
D:5:      layout_basic, grunt_tough_drop

Skill      XL: |  1  2  3  4  5 |
---------------+----------------+-----
Fighting       | 4 |  4.3
Axes           | 5 6 |  6.6
Armour         | 2 |  2.6
Stealth        | 2 |  2.0
Dodging        | 3 |  3.0
Shields        | |  0.4

Action                   |  1- 3 |  4- 6 || total
-------------------------+-------+-------++-------
Melee: Hand axe          |   108 |   199 ||   307
       Punch             |     1 |       ||     1
  Use: Scroll            |     2 |     6 ||     8
Armor: Robe              |    22 |       ||    22
       Chain mail        |    62 |   129 ||   191
Dodge: Dodged            |    71 |    76 ||   147
Block: Buckler           |       |    28 ||    28
